 Dungeon Crawl Stone Soup version 0.30-a0-643-g638baaf3f0 (console) character file.

Game seed: 3698731463374962119

184063 Ignak the Warrior (level 18, -1/205 (210) HPs)
             Began as an Ogre Hedge Wizard on Jan 16, 2023.
             Was the Champion of Okawaru.
             Slain by a spectral redback (7 damage)
             ... on level 4 of the Spider Nest.
             The game lasted 02:02:38 (34764 turns).

Ignak the Warrior (Ogre Hedge Wizard)              Turns: 34764, Time: 02:02:38

HP:   -1/205 (210)  AC: 17    Str: 32 (33) XL:     18   Next: 39%
MP:   32/36         EV: 11    Int: 16      God:    Okawaru [******]
Gold: 1044          SH: 20    Dex:  8      Spells: 15/45 levels left

rFire   + + .      SeeInvis +    t - +9 broad axe (flame)
rCold   . . .      Faith    .    u - +5 kite shield {reflect}
rNeg    . . .      Spirit   .    G - +4 troll leather armour
rPois   +          Reflect  +    n - +2 hat
rElec   .          Harm     .    J - +2 cloak {rCorr}
rCorr   +          Rampage  .    (gloves unavailable)
Will    +....                    (boots unavailable)
Stlth   ++                       S - amulet of reflection
HPRegen 1.34/turn                U - ring of the Final Continents {Wiz Contam Fly Str+8}
MPRegen 0.25/turn                x - ring of Dim Light {rPois rF+ Int+3 SInv Stlth+}

@: about to teleport, wereblooded, flying, slowed, lightly drained, very slow
A: large, unfitting armour, tough skin 1, iridescent scales 1, dopey 1, fire
resistance 1
a: Renounce Religion, Heroism, Finesse, Duel


You were on level 4 of the Spider Nest.
You worshipped Okawaru.
Okawaru was exalted by your worship.
You visited 6 branches of the dungeon, and saw 29 of its levels.
You visited the Abyss 1 time.
You also visited: Sewer and Bailey.

You collected 2764 gold pieces.
You spent 1720 gold pieces at shops.

Inventory:

Hand Weapons
 a - the +7 battleaxe "Egovessu" {freeze, rC+ rN+ Dex+4}
   (You found it in a sewer)

   Dex:       It affects your dexterity (+4).
   rC:        It protects you from cold.
   rN:        It protects you from negative energy.
 b - the +6 war axe "Visof" {vamp, rN+ Str-5 Int+4 Dex+3}
   (You found it on level 6 of the Dungeon)

   Str:       It affects your strength (-5).
   Int:       It affects your intelligence (+4).
   Dex:       It affects your dexterity (+3).
   rN:        It protects you from negative energy.
 t - a +9 broad axe of flaming (weapon)
Missiles
 K - 14 large rocks (quivered)
 L - 2 throwing nets
Armour
 n - a +2 hat (worn)
 u - a +5 kite shield of reflection (worn)
 G - a +4 troll leather armour (worn)
 J - a +2 cloak of preservation (worn)
 M - the +1 ice dragon scales of the Other Side {rElec rF- rC++ Dex+4}
   (Okawaru gifted it to you on level 10 of the Dungeon)

   Dex:       It affects your dexterity (+4).
   rF:        It makes you vulnerable to fire.
   rC:        It greatly protects you from cold.
   rElec:     It insulates you from electricity.
 P - a +0 robe of the Archmagi
 Q - the +1 robe of Death Resistance {rF+ Dex+3}
   (Okawaru gifted it to you on level 2 of the Orcish Mines)

   Dex:       It affects your dexterity (+3).
   rF:        It protects you from fire.
 Z - the +1 robe of the Monk {rElec rF+ Will+ Int-2}
   (Okawaru gifted it to you on level 2 of the Abyss)

   Int:       It affects your intelligence (-2).
   rF:        It protects you from fire.
   rElec:     It insulates you from electricity.
   Will:      It increases your willpower.
Jewellery
 g - a ring of protection from fire
 o - the ring of Wuerpharch {Fly rElec Str-5 Dex+3}
   (You acquired it on level 2 of the Orcish Mines)

   [ring of flight]

   Str:       It affects your strength (-5).
   Dex:       It affects your dexterity (+3).
   rElec:     It insulates you from electricity.
   Fly:       It grants you flight.
 x - the ring of Dim Light (right hand) {rPois rF+ Int+3 SInv Stlth+}
   (You acquired it on level 6 of the Dungeon)

   [ring of poison resistance]

   Int:       It affects your intelligence (+3).
   rF:        It protects you from fire.
   rPois:     It protects you from poison.
   SInv:      It lets you see invisible.
   Stlth:     It makes you more stealthy.
 E - an amulet of magic regeneration
 S - an amulet of reflection (around neck)
 U - the ring of the Final Continents (left hand) {Wiz Contam Fly Str+8}
   (You acquired it on level 4 of the Lair of Beasts)

   [ring of wizardry]

   It improves your spell success rate.
   Str:       It affects your strength (+8).
   Fly:       It grants you flight.
   Contam:    It causes magical contamination when unequipped.
Wands
 c - a wand of iceblast (29)
 e - a wand of flame (30)
 l - a wand of mindburst (32)
 v - a wand of polymorph (26)
 w - a wand of light (9)
 V - a wand of digging (17)
Scrolls
 j - 6 scrolls of fog
 s - 3 scrolls of enchant weapon
 y - 6 scrolls of teleportation
 z - 3 scrolls of identify
 C - 4 scrolls of poison
 H - 8 scrolls of fear
 I - 7 scrolls of blinking
 N - 4 scrolls of magic mapping
 W - 2 scrolls of brand weapon
 Y - 5 scrolls of amnesia
Potions
 d - 7 potions of magic
 f - 9 potions of heal wounds
 h - 5 potions of lignification
 i - a potion of mutation
 m - a potion of invisibility
 p - 10 potions of might
 q - 5 potions of haste
 r - 11 potions of curing
 A - 9 potions of flight
 B - 4 potions of brilliance
 D - a potion of resistance
 F - 4 potions of cancellation
Miscellaneous
 k - a lightning rod (4/4)


   Skills:
 + Level 19.9 Fighting
 + Level 15.1 Axes
 - Level 0.9(9.8) Polearms
 - Level 5.0 Armour
 + Level 11.7 Dodging
 - Level 1.4 Stealth
 - Level 10.0 Shields
 - Level 1.0 Unarmed Combat
 + Level 14.0 Spellcasting
 - Level 6.0 Conjurations
 - Level 0.9 Summonings
 - Level 3.0 Translocations
 - Level 4.0 Transmutations
 - Level 5.0 Ice Magic
 * Level 9.8 Air Magic
 - Level 5.0 Poison Magic
 - Level 8.0 Invocations


You had 15 spell levels left.
You knew the following spells:

 Your Spells              Type           Power      Damage    Failure   Level
a - Magic Dart            Conj           100%       1d8       1%          1
b - Blink                 Tloc           40%        N/A       2%          2
c - Olgreb's Toxic Radia  Pois           27%        N/A       6%          4
d - Mephitic Cloud        Conj/Pois/Air  33%        N/A       1%          3
e - Airstrike             Air            21%        2d(3-19)  1%          4
f - Searing Ray           Conj           60%        2d6       1%          2
g - Maxwell's Capacitive  Air            21%        ∞         99%         8
q - Ozocubu's Armour      Ice            27%        N/A       1%          3
x - Wereblood             Tmut           24%        N/A       1%          2
z - Beastly Appendage     Tmut           48%        N/A       1%          1

Your spell library contained the following spells:

 Spells                   Type           Power      Damage    Failure   Level
 Apportation              Tloc           40%        N/A       1%          1
 Foxfire                  Conj/Fire      80%        2x1d8     1%          1
 Kiss of Death            Conj/Necr      80%        2d11      1%          1
 Shock                    Conj/Air       100%       1d9       1%          1
 Sting                    Tmut/Pois      100%       1d8       1%          1
 Cigotuvi's Dreadful Rot  Necr/Pois/Air  54%        N/A       1%          2
 Poisonous Vapours        Pois/Air       68%        N/A       1%          2
 Swiftness                Air            42%        N/A       1%          3
 Spider Form              Tmut/Pois      25%        N/A       2%          3
 Necrotise                Necr           44%        1d6       4%          1
 Slow                     Hex            44%        N/A       4%          1
 Scorch                   Fire           22%        2d6       8%          2
 Sublimation of Blood     Necr           11%        N/A       8%          2
 Ice Form                 Ice/Tmut       25%        N/A       8%          4
 Portal Projectile        Hex/Tloc       32%        N/A       9%          3
 Iskenderun's Battlesphe  Conj           30%        2d8       12%         5
 Flame Wave               Conj/Fire      20%        2d7       14%         4
 Fulminant Prism          Conj/Hex       10%        3d9       14%         4
 Passage of Golubria      Tloc           20%        N/A       14%         4
 Confusing Touch          Hex            11%        N/A       16%         3
 Vampiric Draining        Necr           11%        2d6       16%         3
 Irradiate                Conj/Tmut      13%        3d16      17%         5
 Petrify                  Tmut/Erth      17%        N/A       21%         4
 Alistair's Intoxication  Tmut/Pois      16%        N/A       21%         5
 Blade Hands              Tmut           12%        N/A       26%         5
 Fireball                 Conj/Fire      10%        3d6       36%         5
 Cause Fear               Hex            5%         N/A       43%         4
 Dispel Undead            Necr           11%        3d9       43%         4
 Yara's Violent Unravell  Hex/Tmut       8%         3d5       50%         5
 Agony                    Necr           11%        N/A       77%         5
 Iron Shot                Conj/Erth      10%        9d3       89%         6
 Starburst                Conj/Fire      10%        6d5       89%         6
 Storm Form               Tmut/Air       16%        N/A       91%         7
 Dragon Form              Tmut           12%        N/A       100%        7
 Summon Small Mammal      Summ           Unusable   N/A       N/A         1
 Call Imp                 Summ           Unusable   N/A       N/A         2
 Summon Lightning Spire   Summ/Air       Unusable   N/A       N/A         4
 Tukima's Dance           Hex            Unusable   N/A       N/A         3
 Simulacrum               Ice/Necr       Unusable   N/A       N/A         6
 Summon Cactus Giant      Summ           Unusable   N/A       N/A         6
 Spellforged Servitor     Conj/Summ      Unusable   N/A       N/A         7
 Dragon's Call            Summ           Unusable   N/A       N/A         9

Dungeon Overview and Level Annotations

Branches:
Dungeon (15/15)            Temple (1/1) D:6            Lair (5/5) D:8
 Shoals (0/4) Lair:3       Spider (4/4) Lair:2        Slime (0/5) Lair:4
    Orc (2/2) D:10            Elf (2/3) Orc:2        Vaults (0/5) D:13
 Depths (0/4) D:15          Sewer (visited)          Bailey (visited)

Altars:
Ashenzari
Cheibriados
Dithmenos
Elyvilon
Fedhas
Gozag
Hepliaklqana
Kikubaaqudgha
Makhleb
Nemelex Xobeh
Okawaru
Qazlal
Ru
Sif Muna
Trog
Uskayaw
Vehumet
Wu Jian
Xom
Yredelemnul
Zin
The Shining One
Jiyva

Shops:
D:3 (   D:7 *   D:15 *   Orc:2 (:=(*


Innate Abilities, Weirdness & Mutations

You are too large for most types of armour.
You have tough skin. (AC +1)
You are partially covered in iridescent scales. (AC +2)
You are dopey. (Int -2)
Your flesh is heat resistant. (rF+)


Message History

Okay, then.
Okay, then.
Unknown command.
Aiming: Duel (28% risk of failure)
Press: ? - help, Dir - move target, f - wolf spider zombie
Aim: a wolf spider zombie The wolf spider zombie is not worthy to be dueled!
Aiming: Duel (28% risk of failure)
Press: ? - help, Dir - move target, f - jumping spider zombie, p - wolf spider zombie
Aim: a jumping spider zombie (severely damaged)
The jumping spider zombie is not worthy to be dueled!
Aiming: Duel (28% risk of failure)
Press: ? - help, Dir - move target, f/p - jumping spider zombie
Aim: a jumping spider zombie (severely damaged)
Okay, then.
Unknown command.
Unknown command.
Aiming: Duel (28% risk of failure)
Press: ? - help, Dir - move target, f - death scarab, p - jumping spider zombie
Aim: a death scarab (severely damaged)
You fail to use your ability.
You feel stable enough to blink again. The death scarab closely misses you.
The death scarab barely misses you. You block the death scarab's attack.
The death scarab bites you!
* * * LOW HITPOINT WARNING * * *
The death scarab drains your vigour!
You feel as though you will be slow longer.
The death scarab draws strength from your injuries!
The death scarab barely misses you. You block the death scarab's attack.
The death scarab closely misses you.
You block the spectral redback's attack.
The jumping spider zombie pounces on you but does no damage.
The jumping spider zombie bites you.
* * * LOW HITPOINT WARNING * * *
You block the death scarab's attack.
The spectral redback bites you but does no damage.
The wolf spider zombie barely misses you.
The wolf spider zombie closely misses you.
The spectral redback bites you!
You die...

~~^..#....^~#..~##.....#~~...#
~~~..#...###########...##~..^#
~#~..##..# !φ !#...#~~...#
.~~.^#...#.#######.#...#~....#
.~~^##...#$.!.!.$.[#...#~.#..#
.~~~^#.^.#...!.$...##..#.....#
..~~~#..##......B..#...#.....#
..~~~#...#.....ZZB^#...#^...~#
.#†~~#...#^...ZZ@BB#...#..#.~#
...~~#...#....ZZB..#^†##..^~~#
...~##...###'''BZ###...#..~~~#
...~~#..............^..#..~#~#
..†~†#^#..†............#..~~~#
.~~~.#.....^#.^.....^#.#...~~#
.~~#.###################....~#
.~~...^.................#....#
#~~.....................~~...#


You could see a spectral tarantella, 2 spectral redbacks, 6 death scarabs, a
wolf spider zombie, 2 jumping spider zombies and a broodmother zombie.

Vanquished Creatures
  Arachne (Arena)
  Mlioglotl (Spider:3)
  Asterion (Spider:1)
  Kirke (Lair:4)
  The ghost of Majang the Brawler, a journeyman TrFi of Cheibriados (Spider:3)
  Donald (Orc:2)
  A deep elf sorcerer (Elf:1)
  4 ghost moths
  Louise (Spider:2)
  4 emperor scorpions (Spider:4)
  2 broodmothers
  The ghost of Dory the Thaumaturge, a journeyman MeEE (Lair:4)
  Azrael (Orc:1)
  Josephine (Orc:2)
  A rakshasa (D:13)
  3 entropy weavers
  3 hydras
  6 centaur warriors
  2 jorogumos
  8 radroaches
  6 two-headed ogres
  8 boulder beetles
  A merfolk avatar (Lair:5)
  15 dancing weapons
  A death scarab (Spider:4)
  A thrashing horror (D:15)
  A spectral emperor scorpion (Spider:4)
  4 orc high priests (Orc:2)
  2 tengu warriors
  8 deep elf knights
  Sonja (Lair:4)
  A sun moth (Spider:1)
  11 orb spiders
  A fire crab (Lair:4)
  8 pharaoh ants
  A sea snake (Lair:5)
  A lindwurm (Lair:3)
  The ghost of Decipherer the Cleaver, a novice MiBe of Trog (D:8)
  15 deep elf zephyrmancers (Elf:1)
  2 spectral wolf spiders (Spider:4)
  4 deep elf archers
  A harpy (Lair:5)
  6 steelbarb worms
  3 wizards
  17 deep elf pyromancers
  5 orc knights
  A large abomination (Abyss:2)
  23 wolf spiders
  8 ugly things
  An oklob plant (Lair:4)
  6 orc sorcerers
  A necromancer (D:15)
  5 cyclopes
  3 moths of wrath
  3 manticores
  11 elephants
  A merfolk siren (Lair:3)
  A guardian serpent (shapeshifter) (D:13)
  15 demonic crawlers
  Maurice (D:8)
  4 torpor snails
  3 black mambas
  Maggie (D:8)
  The ghost of kirsanium the Chopper, a novice GnRe (D:4)
  2 centaur skeletons (D:15)
  12 cane toads
  2 kobold demonologists
  An unseen horror (D:13)
  A yaktaur (D:15)
  4 rime drakes
  An efreet (D:8)
  2 spectral redbacks (Spider:4)
  4 tengu conjurers (D:14)
  An unseen horror zombie (D:8)
  10 komodo dragons
  A wind drake (Lair:5)
  2 spectral tarantellas (Spider:4)
  A spectral jumping spider (Spider:4)
  3 polar bears
  A meliai (Lair:2)
  23 tarantellas
  4 hornets
  8 trolls
  17 blink frogs
  A snapping turtle (Lair:5)
  2 culicivora zombies (Spider:4)
  6 dream sheep (Lair:4)
  4 slime creatures (D:13)
  A tarantella zombie (Spider:4)
  An air elemental (Elf:1)
  19 jumping spiders
  A centaur simulacrum (D:15)
  20 culicivoras
  A vampire (D:13)
  7 wraiths
  37 yaks
  A shadow (D:10)
  4 fire elementals
  4 basilisks (Lair:1)
  A starcursed mass (D:15)
  4 hogs (Lair:4)
  7 vampire mosquitoes
  4 steam dragons
  Eustachio (D:5)
  59 redbacks
  4 wargs
  15 water moccasins
  3 acid dragons
  4 hell hounds
  30 orc warriors
  4 ice beasts
  2 sky beasts (D:5)
  2 black bears
  6 ogres
  A boggart (Elf:1)
  25 wolves
  19 centaurs
  2 kobold brigands
  11 bullfrogs
  4 scorpions
  4 wights (D:8)
  3 necrophages
  2 wyvern zombies (D:8)
  A hornet simulacrum (D:15)
  17 killer bees
  6 howler monkeys
  2 centaur zombies
  4 crimson imps (D:11)
  A human zombie (D:8)
  2 hounds
  19 orc priests
  3 iguanas
  28 orc wizards
  Natasha (twice) (D:3)
  2 mummies (D:8)
  3 howler monkey zombies (D:8)
  12 adders
  4 gnolls (D:6)
  A shadow imp (D:6)
  A dart slug (D:1)
  99 orcs
  11 ball pythons
  6 bats
  13 endoplasms
  16 giant cockroaches
  12 goblins
  2 hobgoblins
  9 jackals
  13 kobolds
  5 quokkas
  16 frilled lizards
  3 rats
  A bush (Lair:4)
998 creatures vanquished.

Vanquished Creatures (collateral kills)
  A bullfrog (Sewer)
  Terence (D:3)
  2 worms
  An orc (D:3)
  3 ball pythons
  A bat (D:3)
  3 endoplasms
  2 goblins
  4 hobgoblins
  A jackal (D:3)
  A quokka (D:3)
  A frilled lizard (Sewer)
  A kobold (D:2)
  A rat (D:1)
23 creatures vanquished.

Vanquished Creatures (others)
  A deep elf knight (Elf:1)
  A deep elf pyromancer (Elf:1)
  An acid dragon (D:8)
  17 fungi
  70 plants
90 creatures vanquished.

Grand Total: 1111 creatures vanquished

Notes
Turn   | Place    | Note
-------+----------+-------------------------------------------
     0 | D:1      | Ignak the Ogre Hedge Wizard began the quest for the Orb.
     0 | D:1      | Reached XP level 1. HP: 16/16 MP: 5/5
    55 | D:1      | Reached skill level 1 in Conjurations
    87 | D:1      | Reached skill level 1 in Translocations
   154 | D:1      | Reached XP level 2. HP: 23/24 MP: 1/6
   206 | D:1      | Learned a level 2 spell: Blink
   209 | D:1      | Learned a level 2 spell: Call Imp
   602 | D:1      | Found a faded altar of an unknown god.
   765 | D:1      | Reached XP level 3. HP: 19/32 MP: 6/8
   836 | D:1      | Learned a level 3 spell: Mephitic Cloud
  1402 | D:2      | Reached skill level 1 in Fighting
  1634 | D:2      | Reached skill level 1 in Unarmed Combat
  1772 | D:2      | Reached XP level 4. HP: 33/41 MP: 7/9
  2063 | D:3      | Found a hide-covered altar of Uskayaw.
  2063 | D:3      | Noticed a +0 hand axe
  2145 | D:3      | Noticed a +0 hand axe
  2228 | D:3      | Noticed Natasha
  2246 | D:3      | Killed Natasha
  2299 | D:3      | Noticed Terence
  2318 | D:3      | Found Ydaihebi's Antique Weapon Boutique.
  2339 | D:3      | Killed Terence
  2340 | D:3      | Reached skill level 1 in Air Magic
  2340 | D:3      | Reached XP level 5. HP: 49/49 MP: 1/11
  2395 | D:3      | Learned a level 2 spell: Searing Ray
  2478 | D:3      | Found a glowing silver altar of Zin.
  2805 | D:3      | Noticed Natasha
  2825 | D:3      | Killed Natasha
  2826 | D:3      | Reached skill level 2 in Fighting
  2826 | D:3      | Reached skill level 1 in Armour
  2979 | D:4      | Found a shimmering blue altar of Sif Muna.
  3094 | D:4      | Found a blossoming altar of Fedhas.
  3094 | D:4      | Found a shimmering altar of Xom.
  3220 | D:4      | Gained mutation: You have a somewhat thin skeletal
                  | structure. (Dex +2, Stealth+) [potion of mutation]
  3220 | D:4      | Gained mutation: You have hidden genetic potential. [potion
                  | of mutation]
  3220 | D:4      | Gained mutation: Your mind is acute. (Int +4, Str/Dex -1)
                  | [potion of mutation]
  3283 | D:5      | Entered Level 5 of the Dungeon
  3346 | D:5      | Got Xeogream's Folio of Snow
  3737 | D:4      | Reached skill level 1 in Poison Magic
  3737 | D:4      | Reached XP level 6. HP: 54/58 MP: 6/12
  3897 | D:4      | Gained mutation: You have great hidden genetic potential.
                  | [hidden potential]
  4113 | D:4      | Found an ornate altar of the Wu Jian Council.
  4188 | D:4      | Noticed an ice beast
  4282 | D:3      | Killed an ice beast
  4537 | D:4      | Reached XP level 7. HP: 63/66 MP: 1/13
  4839 | D:4      | Found a runed translucent door.
  4840 | D:4      | Noticed kirsanium's ghost (novice GnRe)
  4888 | D:4      | Found a runed translucent door.
  4997 | D:4      | Reached skill level 3 in Fighting
  5267 | D:5      | Gained mutation: You expend magic power (3 MP) to
                  | strengthen your wands. [hidden potential]
  5267 | D:5      | Lost mutation: You have great hidden genetic potential.
                  | [hidden potential expressed]
  5489 | D:5      | Noticed Eustachio
  5689 | D:5      | Killed Eustachio
  6109 | D:5      | Reached skill level 4 in Fighting
  6109 | D:5      | Reached skill level 5 in Spellcasting
  6109 | D:5      | Reached XP level 8. HP: 26/78 MP: 1/15
  6325 | D:5      | Gained mutation: You have an increased reservoir of magic.
                  | (+10% MP) [hidden potential]
  6633 | D:5      | Found a broken altar of Ashenzari.
  6773 | D:6      | Identified the +6 war axe "Visof" {vamp, rN+ Str-5 Int+4
                  | Dex+3}
  6778 | D:6      | Found a glowing drain.
  6810 | Sewer    | Entered a sewer
  7047 | Sewer    | Reached skill level 1 in Axes
  7053 | Sewer    | Identified the +7 battleaxe "Egovessu" {freeze, rC+ rN+
                  | Dex+4}
  7067 | Sewer    | Identified the +7 plate armour of the Neverending Knives
                  | {Str+4}
  7098 | D:6      | Identified a scroll of acquirement
  7100 | D:6      | Acquired the ring of Dim Light {rPois rF+ Int+3 SInv
                  | Stlth+}
  7191 | D:6      | Reached skill level 5 in Fighting
  7364 | D:6      | Reached XP level 9. HP: 83/88 MP: 19/19
  7690 | D:6      | Found a staircase to the Ecumenical Temple.
  7698 | Temple   | Entered the Ecumenical Temple
  7758 | Temple   | Learned a level 3 spell: Ozocubu's Armour
  7769 | Temple   | Became a worshipper of Warmaster Okawaru
  7896 | D:6      | Gained mutation: You are agile. (Dex +4, Str/Int -1)
                  | [hidden potential]
  7896 | D:6      | Lost mutation: You have hidden genetic potential. [hidden
                  | potential expressed]
  8256 | D:7      | Reached skill level 1 in Invocations
  8270 | D:7      | Found a flagged portal.
  8285 | Bailey   | Entered a bailey
  8457 | Bailey   | Reached * piety under Okawaru
  8599 | Bailey   | Reached skill level 1 in Ice Magic
  8631 | Bailey   | Reached skill level 6 in Fighting
  8895 | Bailey   | Reached ** piety under Okawaru
  8896 | Bailey   | Reached XP level 10. HP: 95/100 MP: 9/21
  9415 | D:7      | Reached skill level 5 in Dodging
  9583 | D:7      | Found Yjifonlu's CLEARANCE SALE!.
  9982 | D:8      | Noticed Maggie
  9993 | D:8      | Killed Maggie
  9993 | D:8      | Reached *** piety under Okawaru
  9994 | D:8      | Reached skill level 7 in Fighting
  9994 | D:8      | Reached skill level 5 in Axes
  9994 | D:8      | Reached skill level 5 in Conjurations
 10186 | D:8      | Found a staircase to the Lair.
 10233 | D:8      | Found a runed translucent gate.
 10233 | D:8      | Found a runed translucent gate.
 10233 | D:8      | Found a runed translucent gate.
 10235 | D:8      | Found an opulent altar of Gozag.
 10237 | D:8      | Noticed Decipherer's ghost (novice MiBe)
 10605 | D:4      | Killed kirsanium's ghost
 10606 | D:4      | Reached skill level 5 in Invocations
 10945 | D:8      | Reached **** piety under Okawaru
 10966 | D:8      | Noticed Maurice
 10973 | D:8      | Killed Maurice
 11090 | D:8      | Reached skill level 8 in Fighting
 11090 | D:8      | Reached XP level 11. HP: 83/111 MP: 23/23
 11107 | D:8      | Found an ancient bone altar of Kikubaaqudgha.
 11129 | D:8      | Reached ***** piety under Okawaru
 11438 | D:9      | Learned a level 1 spell: Beastly Appendage
 11441 | D:9      | Learned a level 2 spell: Wereblood
 11488 | D:9      | Identified the +9 quick blade of Byladast {flame, Fly rN+
                  | Will+} (Okawaru gifted it to you on level 9 of the Dungeon)
 11488 | D:9      | Received a gift from Okawaru
 11509 | D:9      | Reached skill level 1 in Transmutations
 11618 | D:9      | Noticed a two-headed ogre
 11800 | D:9      | Killed a two-headed ogre
 12594 | D:10     | Entered Level 10 of the Dungeon
 12732 | D:10     | Found a staircase to the Orcish Mines.
 12941 | D:10     | Noticed a two-headed ogre
 12952 | D:10     | Killed a two-headed ogre
 12953 | D:10     | Reached skill level 9 in Fighting
 13087 | D:10     | Noticed a two-headed ogre
 13094 | D:10     | Killed a two-headed ogre
 13115 | D:10     | Identified the +1 ice dragon scales of the Other Side
                  | {rElec rF- rC++ Dex+4} (Okawaru gifted it to you on level
                  | 10 of the Dungeon)
 13115 | D:10     | Received a gift from Okawaru
 13705 | D:11     | Noticed a boulder beetle
 13735 | D:11     | Killed a boulder beetle
 13736 | D:11     | Reached skill level 5 in Armour
 14169 | D:11     | Found a shimmering altar of Xom.
 14202 | D:11     | Noticed a boulder beetle
 14234 | D:11     | Killed a boulder beetle
 14235 | D:11     | Reached XP level 12. HP: 95/124 MP: 12/26
 14620 | D:11     | Noticed a boulder beetle
 14639 | D:11     | Killed a boulder beetle
 15118 | Orc:1    | Entered Level 1 of the Orcish Mines
 15260 | D:10     | Reached skill level 10 in Fighting
 15837 | Orc:2    | Entered Level 2 of the Orcish Mines
 15837 | Orc:2    | Noticed Azrael
 15837 | Orc:2    | Noticed Donald
 15837 | Orc:2    | Found Kecsaesm's Antique Weapon Boutique.
 15850 | D:10     | Received a gift from Okawaru
 16013 | Orc:1    | Killed Azrael
 16302 | Orc:2    | Killed Donald
 16303 | Orc:2    | Reached skill level 11 in Fighting
 16794 | Orc:2    | Noticed an orc high priest
 16795 | Orc:2    | Noticed a two-headed ogre
 16796 | Orc:2    | Noticed a sun demon
 16797 | Orc:2    | Noticed a soul eater
 16804 | Orc:2    | Found a staircase to the Elven Halls.
 16804 | Orc:2    | Noticed Josephine
 17142 | Orc:2    | Killed a two-headed ogre
 17142 | Orc:2    | Reached ****** piety under Okawaru
 17142 | Orc:2    | Received a gift from Okawaru
 17143 | Orc:2    | Reached skill level 1 in Shields
 17189 | Orc:2    | Killed Josephine
 17190 | Orc:2    | Reached skill level 5 in Ice Magic
 17197 | Orc:2    | Reached XP level 13. HP: 135/139 MP: 28/28
 17338 | Orc:2    | Reached skill level 12 in Fighting
 17431 | Orc:2    | Identified the +1 robe of Death Resistance {rF+ Dex+3}
                  | (Okawaru gifted it to you on level 2 of the Orcish Mines)
 17431 | Orc:2    | Received a gift from Okawaru
 17443 | Arena    | Entered the Arena
 17579 | Orc:2    | Paralysed by an orc sorcerer for 5 turns
 17624 | Orc:2    | Found Targhani's Book Shop.
 17624 | Orc:2    | Found Omyjeoku's Assorted Antiques.
 17625 | Orc:2    | Paralysed by an orc sorcerer for 2 turns
 17632 | Orc:2    | Found Zoc Etu's Jewellery Shop.
 17632 | Orc:2    | Found Toutaassi's Weapon Shoppe.
 17655 | Orc:2    | Bought a scroll of acquirement for 1300 gold pieces
 17951 | Orc:2    | Acquired the ring of Wuerpharch {Fly rElec Str-5 Dex+3}
 18096 | D:12     | Found a runed translucent door.
 18254 | Orc:2    | Bought an amulet of reflection for 420 gold pieces
 18391 | Lair:1   | Entered Level 1 of the Lair of Beasts
 18487 | Lair:1   | Reached skill level 10 in Axes
 18608 | D:8      | Reached skill level 13 in Fighting
 18611 | D:8      | Killed Decipherer's ghost
 18612 | D:8      | Reached skill level 5 in Shields
 19136 | Lair:1   | Identified the +5 trident of Qazlal's Envy {distort, Int+4}
 19776 | Lair:2   | Found a hole to the Spider Nest.
 19789 | Lair:2   | Reached skill level 10 in Spellcasting
 19789 | Lair:2   | Reached XP level 14. HP: 125/154 MP: 28/30
 20167 | Lair:3   | Reached skill level 14 in Fighting
 20171 | Lair:3   | Received a gift from Okawaru
 20697 | Lair:3   | Found a staircase to the Shoals.
 21469 | Lair:3   | Identified the +3 robe of Guep {-Tele rElec rC++ Int+4}
 21680 | Lair:4   | Identified the +2 giant club of Gravity {freeze, Stlth+}
                  | (Okawaru gifted it to you on level 4 of the Lair of Beasts)
 21680 | Lair:4   | Received a gift from Okawaru
 21704 | Lair:4   | Noticed Sonja
 21737 | Lair:4   | Killed Sonja
 21763 | Lair:4   | Noticed Kirke
 21778 | Lair:4   | Noticed a sphinx
 21778 | Lair:4   | Killed Kirke
 21863 | Lair:4   | Acquired the ring of the Final Continents {Wiz Contam Fly
                  | Str+8}
 21868 | Lair:4   | Found a viscous altar of Jiyva.
 21869 | Lair:4   | Found a staircase to the Slime Pits.
 21880 | Lair:4   | Found a transporter.
 21932 | Lair:4   | Reached skill level 15 in Fighting
 22064 | Lair:4   | Noticed Dory's ghost (journeyman MeEE)
 22088 | Lair:4   | Found a transporter.
 22128 | Lair:4   | Killed Dory's ghost
 22199 | Lair:4   | Identified the +0 robe "Somulleh" {rF+ rN+} (Okawaru gifted
                  | it to you on level 4 of the Lair of Beasts)
 22199 | Lair:4   | Received a gift from Okawaru
 22464 | Lair:5   | Entered Level 5 of the Lair of Beasts
 22667 | Lair:5   | Reached XP level 15. HP: 78/169 MP: 30/33
 22724 | Lair:5   | Reached skill level 16 in Fighting
 22997 | Lair:5   | Learned a level 4 spell: Olgreb's Toxic Radiance
 23636 | D:12     | Identified the +7 hand axe of Diet Blood {heavy, MP+9 Int+4
                  | Dex-4 Stlth+}
 24880 | D:13     | Received a gift from Okawaru
 25253 | D:13     | Found a gate to the Vaults.
 25404 | D:14     | Found a shimmering altar of Xom.
 25619 | D:14     | Reached skill level 17 in Fighting
 26035 | D:15     | Entered Level 15 of the Dungeon
 26382 | Abyss:2  | Found a corrupted altar of Lugonu.
 26382 | Abyss:2  | Cast into level 2 of the Abyss (a wizard)
 26402 | Abyss:2  | Identified the +1 robe of the Monk {rElec rF+ Will+ Int-2}
                  | (Okawaru gifted it to you on level 2 of the Abyss)
 26402 | Abyss:2  | Received a gift from Okawaru
 26423 | Abyss:2  | Found a corrupted altar of Lugonu.
 26426 | Abyss:2  | Found a corrupted altar of Lugonu.
 26432 | Abyss:2  | Found a corrupted altar of Lugonu.
 26432 | Abyss:2  | Found a corrupted altar of Lugonu.
 26460 | D:15     | Escaped the Abyss
 26492 | D:15     | Found a staircase to the Depths.
 26504 | D:15     | Reached skill level 5 in Poison Magic
 26543 | D:15     | Learned a level 4 spell: Airstrike
 26634 | D:15     | Reached XP level 16. HP: 137/183 MP: 29/35
 26729 | D:15     | Lost mutation: You have an increased reservoir of magic.
                  | (+10% MP) [potion of mutation]
 26729 | D:15     | Lost mutation: You expend magic power (3 MP) to strengthen
                  | your wands. [potion of mutation]
 26729 | D:15     | Lost mutation: Your mind is acute. (Int +4, Str/Dex -1)
                  | [potion of mutation]
 26729 | D:15     | Gained mutation: You sometimes lose your temper in combat.
                  | [potion of mutation]
 26729 | D:15     | Gained mutation: You are dopey. (Int -2) [potion of
                  | mutation]
 26730 | D:15     | Lost mutation: You sometimes lose your temper in combat.
                  | [potion of mutation]
 26730 | D:15     | Lost mutation: You are agile. (Dex +4, Str/Int -1) [potion
                  | of mutation]
 26730 | D:15     | Lost mutation: You have a somewhat thin skeletal structure.
                  | (Dex +2, Stealth+) [potion of mutation]
 26730 | D:15     | Gained mutation: You have hidden genetic defects. [potion
                  | of mutation]
 26730 | D:15     | Gained mutation: You are weak. (Str -2) [potion of
                  | mutation]
 26731 | D:15     | Lost mutation: You have hidden genetic defects. [potion of
                  | mutation]
 26731 | D:15     | Lost mutation: You are dopey. (Int -2) [potion of mutation]
 26731 | D:15     | Lost mutation: You are weak. (Str -2) [potion of mutation]
 26731 | D:15     | Gained mutation: You are covered in fur. (AC +1) [potion of
                  | mutation]
 26731 | D:15     | Gained mutation: Your body sometimes deteriorates upon
                  | taking damage. [potion of mutation]
 26731 | D:15     | Gained mutation: You have hidden genetic potential. [potion
                  | of mutation]
 26732 | D:15     | Lost mutation: You are covered in fur. (AC +1) [potion of
                  | mutation]
 26732 | D:15     | Lost mutation: You have hidden genetic potential. [potion
                  | of mutation]
 26732 | D:15     | Lost mutation: Your body sometimes deteriorates upon taking
                  | damage. [potion of mutation]
 26732 | D:15     | Gained mutation: You are somewhat resistant to further
                  | mutation. [potion of mutation]
 26733 | D:15     | Lost mutation: You are somewhat resistant to further
                  | mutation. [potion of mutation]
 26733 | D:15     | Gained mutation: Your flesh is heat resistant. (rF+)
                  | [potion of mutation]
 26733 | D:15     | Gained mutation: You are dopey. (Int -2) [potion of
                  | mutation]
 26733 | D:15     | Gained mutation: You are partially covered in iridescent
                  | scales. (AC +2) [potion of mutation]
 26775 | D:15     | Found Zin's Purification Station.
 26780 | D:15     | Found a glowing silver altar of Zin.
 27063 | Spider:1 | Entered Level 1 of the Spider Nest
 27101 | Spider:1 | Noticed Asterion
 27110 | Arena    | Entered the Arena
 27274 | Spider:1 | Killed Asterion
 27275 | Spider:1 | Reached skill level 10 in Dodging
 27789 | Spider:1 | Reached skill level 18 in Fighting
 27910 | Spider:1 | Identified the +10 executioner's axe of Recklessness
                  | {flame, Dex+2} (Okawaru gifted it to you on level 1 of the
                  | Spider Nest)
 27910 | Spider:1 | Received a gift from Okawaru
 28441 | Elf:1    | Entered Level 1 of the Elven Halls
 28529 | Elf:1    | Reached skill level 5 in Air Magic
 28802 | Elf:1    | Received a gift from Okawaru
 28802 | Elf:1    | Found the +12 glaive of Prune {freeze, Prune}
 29057 | Elf:1    | Paralysed by an air elemental for 1 turns
 29820 | Elf:1    | Reached XP level 17. HP: 145/196 MP: 21/33
 30232 | Elf:2    | Received a gift from Okawaru
 30687 | Spider:2 | Noticed Louise
 30703 | Spider:2 | Killed Louise
 30821 | Spider:2 | Reached skill level 19 in Fighting
 31755 | Spider:2 | Received a gift from Okawaru
 31863 | Spider:2 | Learned a level 8 spell: Maxwell's Capacitive Coupling
 32043 | Spider:3 | Reached skill level 10 in Shields
 32055 | Spider:3 | Noticed Majang's ghost (journeyman TrFi)
 32059 | Spider:3 | Found a runed translucent door.
 32160 | Spider:3 | Noticed Arachne
 32176 | Arena    | Entered the Arena
 32178 | Arena    | Killed Arachne
 32206 | Arena    | Entered the Arena
 32600 | Arena    | Entered the Arena
 32703 | Spider:3 | Noticed Mlioglotl
 32843 | Spider:3 | Killed Mlioglotl
 33408 | Spider:3 | Killed Majang's ghost
 33460 | Spider:4 | Entered Level 4 of the Spider Nest
 33479 | Spider:4 | Identified the +0 chain mail "Uven" {Int+3}
 33591 | Spider:4 | Reached XP level 18. HP: 186/208 MP: 35/35
 33965 | Spider:4 | Identified the +1 robe of Sunlight {rCorr} (Okawaru gifted
                  | it to you on level 4 of the Spider Nest)
 33965 | Spider:4 | Received a gift from Okawaru
 34331 | Spider:4 | Reached skill level 15 in Axes
 34764 | Spider:4 | HP: 8/205 [death scarab (9)]
 34764 | Spider:4 | Slain by a spectral redback

Illustrated notes

Levels and vault maps discovered:
D:1:      psy_arrival_wood_between_worlds, layout_basic,
          nicolae_ecumenical_lake_church, st_stairs_7,
          minmay_misc_feat_four_crosses
D:2:      layout_rooms, serial_forest, infiniplex_forest_lined_room_2,
          infiniplex_forest_end_2, infiniplex_forest_end_3,
          infiniplex_forest_corner_1, infiniplex_forest_lined_ring,
          infiniplex_forest_lined_2, kennysheep_generic_room_10
D:3:      layout_basic, dancing_weapons_uskayaw,
          mainiacjoe_overflow_six_doors_small, serial_shops,
          nicolae_shop_overgrown_old_shop, grunt_ministairs_5, uniq_natasha,
          uniq_terence
D:4:      layout_layer_cave, mainiacjoe_overflow_cross_hatched,
          minmay_overflow_temple_star_quad, ebering_ghost_sewer_f,
          hangedman_decor_lopped
D:5:      layout_loops_cross, kennysheep_little_box, uniq_eustachio
D:6:      layout_gridville, minmay_temple_entry_butterflies,
          gup_sewer_entry_glass
D:7:      layout_cave_pools, enter_bailey_5, nicolae_shop_clearance
D:8:      layout_loops_ring, lemuel_mausoleum_altar_kikubaaqudgha,
          lair_entry_dummy, ebering_ghost_gozag, minmay_misc_feat_rugged,
          uniq_maggie, uniq_maurice
D:9:      layout_irregular_city
D:10:     layout_stronghold, erik_orc_4
D:11:     layout_loops_corners, led_xom_imps
D:12:     layout_loops_ring, nicolae_danse_macabre
D:13:     layout_stronghold, david_vaults_1, chequers_serial_rivers_micro_d
D:14:     layout_roguey, lemuel_coloured_pillars_altar
D:15:     grunt_enter_depths_magical_seal, layout_basic, zin_purify
Temple:   zaba_magenta_temple
Lair:1:   layout_regular_city
Lair:2:   wander_river, layout_long_grid, hellmonk_spider_entry_not_the_bees
Lair:3:   wad_woods_structure_01, layout_regular_city,
          minmay_shoals_entry_lonely_mermaid, beast_lair_carwin_8
Lair:4:   layout_long_grid, slime_entry_1, gammafunk_ghost_arena,
          lemuel_fruit_fields, uniq_kirke, uniq_sonja
Lair:5:   gammafunk_lair_ancient_temple, layout_gridlike, nzn_sisyphean_effort
Spider:1: layout_spider_delve, hangedman_spider_tarantella_strand, uniq_asterion
Spider:2: layout_chambers, nicolae_spider_nook, uniq_louise
Spider:3: layout_spider_delve, hellmonk_ghost_happy_afterlife, drop_trap,
          nicolae_crawler_farm, uniq_arachne, uniq_mlioglotl
Spider:4: floodkiller_spider_rune_tomb, nicolae_spider_paper_wasps
Orc:1:    layout_caves
Orc:2:    grunt_orc_tribal_feast, layout_caves, serial_shops,
          nicolae_shop_trees, kennysheep_orc_chapel, uniq_josephine,
          uniq_azrael, uniq_donald
Elf:1:    eino_elf_arrival_sip, layout_onion_city, hangedman_elf_disciples,
          grunt_megastairs_4
Elf:2:    elven_hall_of_blades_hangedman_original
          [nicolae_blade_entry_crossed_weapons], layout_onion_city,
          serial_sigils_hangedman_scratch, lemuel_upstairs_altar

Skill      XL: |  1  2  3  4  5  6  7  8  9 10 11 12 13 14 15 16 17 18 |
---------------+-------------------------------------------------------+-----
Conjurations   | 1 2 3 4 5 6 |  6.0
Translocations | 1 2 3 |  3.0
Dodging        | 2 3 4 5 6 7 9 10 11 | 11.7
Fighting       | 1 2 4 5 6 8 9 11 13 15 17 18 19 | 19.9
Unarmed Combat | 1 |  1.0
Spellcasting   | 4 5 6 7 8 10 11 12 13 14 | 14.0
Air Magic      | 1 2 3 6 8 9 |  9.8
Armour         | 1 2 3 4 5 |  5.0
Poison Magic   | 1 2 5 |  5.0
Axes           | 2 4 5 7 9 10 12 13 14 15 | 15.1
Invocations    | 3 5 7 8 |  8.0
Ice Magic      | 1 3 5 |  5.0
Transmutations | 3 4 |  4.0
Shields        | 2 6 8 9 10 | 10.0
Polearms       | |  0.9
Stealth        | |  1.4
Summonings     | |  0.9

Action                   |  1- 3 |  4- 6 |  7- 9 | 10-12 | 13-15 | 16-18 || total
-------------------------+-------+-------+-------+-------+-------+-------++-------
Melee: Dagger            |    11 |       |       |       |       |       ||    11
       Club              |   122 |   160 |    36 |       |       |       ||   318
       Punch             |     2 |     4 |     2 |       |       |       ||     8
       War axe           |       |       |    63 |       |       |       ||    63
       Battleaxe         |       |       |    68 |   477 |   105 |       ||   650
       Kick              |       |       |       |    65 |   119 |    69 ||   253
       Headbutt          |       |       |       |    40 |    87 |    38 ||   165
       Broad axe         |       |       |       |       |   745 |   776 ||  1521
Throw: Dart              |       |    15 |    11 |     6 |    12 |       ||    44
 Cast: Magic Dart        |    11 |       |     3 |       |       |       ||    14
       Call Imp          |    10 |     9 |    14 |       |       |       ||    33
       Blink             |     1 |     2 |       |     8 |     4 |    14 ||    29
       Mephitic Cloud    |       |     7 |    25 |    31 |    16 |    16 ||    95
       Searing Ray       |       |    13 |    20 |     2 |     1 |       ||    36
       Ozocubu's Armour  |       |       |       |     5 |     6 |    15 ||    26
       Beastly Appendage |       |       |       |    28 |    35 |    20 ||    83
       Wereblood         |       |       |       |    25 |    45 |    50 ||   120
       Airstrike         |       |       |       |       |       |    24 ||    24
       Olgreb's Toxic Ra |       |       |       |       |       |    68 ||    68
Invok: Heroism           |       |       |       |     1 |     3 |     4 ||     8
       Duel              |       |       |       |       |     1 |     4 ||     5
Evoke: Wand              |       |       |     4 |     1 |     1 |     5 ||    11
       Lightning rod     |       |       |       |       |       |     6 ||     6
  Use: Scroll            |       |     8 |     4 |    13 |    25 |     2 ||    52
       Potion            |       |     5 |       |     4 |     2 |    11 ||    22
 Stab: Sleeping          |     2 |     3 |     6 |    14 |    23 |     3 ||    51
       Confused          |       |     3 |     6 |    13 |     6 |     7 ||    35
       Distracted        |       |       |     1 |     1 |       |       ||     2
Armor: Robe              |    48 |    90 |   104 |    25 |       |       ||   267
       Swamp dragon scal |       |       |       |   205 |       |       ||   205
       Troll leather arm |       |       |       |     7 |   232 |   419 ||   658
Dodge: Dodged            |    98 |   125 |   166 |   496 |   352 |   412 ||  1649
Block: Kite shield       |       |       |       |       |   691 |  1063 ||  1754
       Reflection        |       |       |       |       |    29 |    16 ||    45

Table legend: (Time is in decaauts)
 A = Elapsed time spent in this place.
 B = Non-inter-level travel time spent in this place.
 C = Inter-level travel time spent in this place.
 D = Time resting spent in this place.
 E = Time spent auto-exploring this place.
 F = Levels seen in this place.
 G = Mean time per level.
                   A        B        C        D        E       F      G
               +--------+--------+--------+--------+--------+-----+--------+
         Total |  35291 |  33361 |   1930 |   4616 |  16748 |  37 |  953.8 |
       Dungeon |  18498 |  17120 |   1378 |   2336 |   9925 |  15 | 1233.2 |
        Temple |    101 |    101 |      0 |      0 |      7 |   1 |  101.0 |
          Lair |   5237 |   4950 |    287 |    167 |   2661 |   5 | 1047.4 |
   Spider Nest |   5209 |   5144 |     65 |    713 |   2544 |   4 | 1302.2 |
  Orcish Mines |   2648 |   2488 |    160 |    752 |    529 |   2 | 1324.0 |
   Elven Halls |   2060 |   2022 |     38 |    260 |    983 |   2 | 1030.0 |
         Abyss |     77 |     77 |      0 |      0 |      0 |   1 |   77.0 |
         Sewer |    295 |    295 |      0 |     18 |      0 |   1 |  295.0 |
        Bailey |   1043 |   1043 |      0 |    369 |     99 |   1 | 1043.0 |
         Arena |    119 |    119 |      0 |      0 |      0 |   5 |   23.8 |
               +--------+--------+--------+--------+--------+-----+--------+

Top non-repeatable levels by time:
     D:4: 2340 daAuts
    D:10: 1812 daAuts
   Elf:1: 1790 daAuts
     D:8: 1601 daAuts
Spider:2: 1590 daAuts
  Lair:3: 1548 daAuts
    D:11: 1471 daAuts
     D:5: 1424 daAuts
     D:9: 1390 daAuts
   Orc:2: 1368 daAuts
Spider:4: 1296 daAuts
   Orc:1: 1280 daAuts
     D:6: 1204 daAuts
     D:3: 1179 daAuts
Spider:1: 1178 daAuts
